 Dungeon Crawl Stone Soup version 0.29.1-4-g47bece8355 (webtiles) character file.

Game seed: 148572558012173157

16 ChadusMaximus the Caller (level 2, 0/19 HPs)
             Began as a Human Summoner on Dec 8, 2022.
             Slain by an endoplasm (3 damage)
             ... on level 1 of the Dungeon.
             The game lasted 00:02:03 (814 turns).

ChadusMaximus the Caller (Human Summoner)            Turns: 814, Time: 00:02:03

Health: 0/19       AC:  2    Str:  8    XL:     2   Next: 75%
Magic:  2/5        EV: 12    Int: 15    God:
Gold:   1          SH:  0    Dex: 13    Spells: 4/5 levels left

rFire   . . .      SeeInvis .   h - +0 hand axe
rCold   . . .      Faith    .   (no shield)
rNeg    . . .      Spirit   .   a - +0 robe
rPois   .          Reflect  .   (no helmet)
rElec   .          Harm     .   (no cloak)
rCorr   .          Rampage  .   (no gloves)
Will    .....                   (no boots)
Stlth   ++........              (no amulet)
HPRegen 0.06/turn               (no ring)
MPRegen 0.09/turn               (no ring)

@: no status effects
A: no striking features
a: no special abilities


You were on level 1 of the Dungeon.
You visited 1 branch of the dungeon, and saw 1 of its levels.

You collected 1 gold pieces.

Inventory:

Hand Weapons
 e - a +0 dagger
 h - a +0 hand axe (weapon)
Armour
 a - a +0 robe (worn)
Scrolls
 c - 2 scrolls of identify {unknown}
 d - a scroll of teleportation {unknown}
Potions
 b - a potion of magic
 f - a potion of flight {unknown}
 g - 2 potions of curing {unknown}
 i - a potion of invisibility {unknown}


   Skills:
 - Level 2.1 Dodging
 - Level 2.2 Stealth
 + Level 2.2 Spellcasting
 * Level 4.2 Summonings


You had 4 spell levels left.
You knew the following spells:

 Your Spells              Type           Power      Damage    Failure   Level
a - Summon Small Mammal   Summ           56%        N/A       3%          1

Your spell library contained the following spells:

 Spells                   Type           Power      Damage    Failure   Level
 Call Imp                 Summ           14%        N/A       5%          2
 Call Canine Familiar     Summ           14%        N/A       11%         3
 Shock                    Conj/Air       4%         1d3       22%         1
 Summon Guardian Golem    Hex/Summ       8%         N/A       26%         3
 Ensorcelled Hibernation  Hex/Ice        2%         N/A       32%         2
 Spider Form              Tmut/Pois      1%         N/A       54%         3
 Swiftness                Air            1%         N/A       54%         3
 Summon Lightning Spire   Summ/Air       8%         N/A       65%         4
 Airstrike                Air            0%         2d(1-17)  91%         4
 Anguish                  Hex/Necr       0%         N/A       91%         4


Dungeon Overview and Level Annotations

Branches:
Dungeon (1/15)

Altars:


Message History

You barely miss the quokka.
The quokka is severely wounded.
The quokka bites you.
Your quokka barely misses the quokka.
The quokka bites you.
* * * LOW HITPOINT WARNING * * *
You miss the quokka.
The quokka is severely wounded.
Your quokka barely misses the quokka.
The quokka bites you.
* * * LOW HITPOINT WARNING * * *
Your quokka misses the quokka. You barely miss the quokka.
The quokka is severely wounded.
The quokka barely misses you.
Your quokka closely misses the quokka.
The quokka barely misses you.
You miss the quokka.
The quokka is severely wounded.
Your quokka closely misses the quokka.
The quokka closely misses you.
Your quokka barely misses the quokka.
You barely miss the quokka.
The quokka is severely wounded.
The quokka bites you.
* * * LOW HITPOINT WARNING * * *
Your quokka bites the quokka.
The quokka dies!
Your quokka barely misses the endoplasm.
Your quokka bites the endoplasm.
Something barely misses your quokka. Something barely misses your quokka.
Your quokka bites the endoplasm.
The jackal bites your quokka.
You see here a +0 leather armour.
The endoplasm attacks as you move away! The endoplasm misses you.
The endoplasm attacks as you move away!
The endoplasm hits you but does no damage.
Your quokka barely misses the jackal.
The jackal misses your quokka.
Your quokka bites the jackal.
The endoplasm attacks as you move away! The endoplasm barely misses you.
Found a glowing grey potion.
There is a stone staircase leading down here.
The endoplasm attacks as you move away! The endoplasm hits you.
You die...

# ## .. ...######### #
.##.#.......... ##.
....## ##.....w ...
##..............r ..
##....!.......[.##
#.#...# #####.####.
#.@..# #.# #. ###J##
######.####.
#####..###...........
#.......rh...###.####.
#.#####.###h.###.####.
#.# #[.#...r.w..
####.# #h.#.#..J...
###############....#
#..#w######.
................#..#
#..#h# #.


You could see an endoplasm, a jackal and a friendly quokka (summoned).

Vanquished Creatures
  A hobgoblin (D:1)
  A jackal (D:1)
2 creatures vanquished.

Vanquished Creatures (collateral kills)
  An endoplasm (D:1)
  2 giant cockroaches (D:1)
  A goblin (D:1)
  2 hobgoblins (D:1)
  A jackal (D:1)
  A quokka (D:1)
  A ball python (D:1)
  A bat (D:1)
  2 rats (D:1)
12 creatures vanquished.

Grand Total: 14 creatures vanquished

Notes
Turn   | Place    | Note
-------+----------+-------------------------------------------
     0 | D:1      | ChadusMaximus the Human Summoner began the quest for the
                  | Orb.
     0 | D:1      | Reached XP level 1. HP: 13/13 MP: 3/3
   270 | D:1      | Reached XP level 2. HP: 15/19 MP: 1/5
   814 | D:1      | Slain by an endoplasm

Illustrated notes

Levels and vault maps discovered:
D:1:      wheals_arrival_linesprint, layout_loops_ring

Action                   || total
-------------------------++-------
Melee: Unarmed           ||     1
       Hand axe          ||    18
       Punch             ||     1
 Cast: Summon Small Mamm ||    23
Armor: Robe              ||     7
Dodge: Dodged            ||    44
